Map: Vaani Research Station (Void)

Players

Alluton - Winner!

  • Race: Protoss Protoss
  • League: Master
  • Spawn Location: 6:00

llllllllllll

  • Race: Terran Terran
  • League: Grandmaster
  • Spawn Location: 12:00

VOD

Have the link to the VOD?

Description

Time

  • Played on: Dec. 28, 2016, 3:59 a.m.
  • Length: 9:22
Show
View Real Time Build Order
Export as new Build Order

Alluton Protoss - Winner!

Build Orders: 1 Gate Expand 

Get SALT Encoding   

  12  0:01  Probe (Chrono Boost)  
  13  0:11  Probe (Chrono Boost)  
  14  0:18  Pylon  
  14  0:22  Probe (Chrono Boost)  
  15  0:36  Probe (Chrono Boost)  
  15  0:37  Gateway  
  16  0:43  Assimilator  
  16  0:47  Probe (Chrono Boost)  
  17  0:58  Probe (Chrono Boost)  
  18  1:08  Probe (Chrono Boost)  
  19  1:21  Nexus  
  19  1:24  Probe (Chrono Boost)  
  20  1:34  Cybernetics Core  
  20  1:37  Probe (Chrono Boost)  
  21  1:46  Assimilator  
  21  1:48  Probe (Chrono Boost)  
  22  1:56  Pylon  
  21  2:05  Probe (Chrono Boost)  
  22  2:10  Stalker  
  24  2:20  Robotics Facility  
  24  2:25  Probe (Chrono Boost)  
  25  2:32  Pylon  
  26  2:38  Probe (Chrono Boost)  
  26  2:39  Stalker  
  30  2:52  Mothership Core (Chrono Boost)  
  30  2:53  Probe (Chrono Boost)  
  31  3:15  Immortal  
  31  3:21  Stalker  
  37  3:31  Probe x2 (Chrono Boost)  
  39  3:39  Warp Gate  
  39  3:43  Probe (Chrono Boost)  
  30  3:59  Probe (Chrono Boost)  
  30  4:01  Pylon  
  31  4:03  Stalker  
  31  4:09  Probe (Chrono Boost)  
  34  4:16  Warp Prism  
  34  4:22  Probe (Chrono Boost)  
  33  4:51  Stalker  
  33  4:55  Gateway  
  33  4:56  Immortal  
  33  4:58  Gateway  
  33  5:00  Gateway  
  33  5:06  Probe (Chrono Boost)  
  38  5:09  Probe (Chrono Boost)  
  40  5:23  Probe (Chrono Boost)  
  40  5:31  Immortal  
  44  5:49  Adept, Pylon  
  46  5:53  Adept x2  
  50  5:57  Stalker  
  52  6:07  Immortal  
  52  6:11  Stalker  
  58  6:20  Pylon  
  54  6:28  Adept  
  54  6:39  Adept x2  
  56  6:47  Pylon  
  56  6:53  Immortal  
  53  6:54  Probe (Chrono Boost)  
  53  7:00  Zealot  
  51  7:04  Probe (Chrono Boost)  
  52  7:16  Mothership Core (Chrono Boost)  
  52  7:20  Zealot x2  
  49  7:30  Probe (Chrono Boost), Assimilator  
  49  7:38  Stalker  
  47  7:55  Stalker x2  
  51  8:07  Stalker  
  53  8:24  Cybernetics Core  
  53  8:25  Pylon  
  53  8:27  Pylon  
  45  8:52  Probe (Chrono Boost)  
  47  8:53  Probe (Chrono Boost)  
  47  9:02  Probe (Chrono Boost)  
  47  9:04  Assimilator  
  47  9:05  Probe (Chrono Boost)  
  47  9:15  Zealot x2  
  47  9:16  Zealot  
Show
View Real Time Build Order
Export as new Build Order

llllllllllll Terran 

Build Orders: Cyclone Opening 

Get SALT Encoding   

  12  0:00  SCV  
  13  0:12  SCV  
  14  0:19  Supply Depot  
  14  0:25  SCV  
  15  0:34  Refinery  
  15  0:41  SCV  
  16  0:50  Barracks  
  16  0:54  SCV  
  17  1:01  Refinery  
  17  1:06  SCV  
  18  1:18  SCV  
  19  1:30  SCV  
  20  1:38  Marine  
  21  1:43  Factory  
  21  1:49  Orbital Command  
  21  1:56  Barracks Reactor  
  21  2:07  Supply Depot  
  21  2:16  SCV  
  22  2:28  Cyclone  
  26  2:34  Marine, Starport  
  26  2:37  Marine  
  27  2:46  SCV, Supply Depot  
  28  2:54  Marine  
  28  2:55  Marine  
  30  3:07  Cyclone  
  32  3:23  Marine  
  33  3:29  Medivac  
  33  3:30  Marine  
  33  3:32  SCV  
  37  3:39  Supply Depot  
  36  3:49  Liberator  
  36  3:51  Marine  
  36  3:55  Cyclone  
  34  3:57  Marine  
  35  4:09  Marine  
  37  4:22  Marine  
  37  4:23  SCV  
  37  4:26  Supply Depot  
  37  4:38  Liberator, Cyclone  
  37  4:40  Marine  
  37  4:58  Marine  
  41  5:00  SCV  
  41  5:02  Supply Depot  
  42  5:20  Marine  
  43  5:23  SCV  
  43  5:25  Factory Tech Lab  
  45  5:35  SCV  
  45  5:39  Marine  
  46  5:50  Factory  
  46  5:55  Command Center  
  46  5:59  Siege Tank  
  45  6:06  Liberator  
  45  6:17  Barracks Reactor  
  42  6:19  SCV  
  43  6:38  Bunker  
  42  6:42  SCV  
  42  6:45  Hellion  
  30  7:04  Marine x2  
  30  7:06  Cyclone  
  30  7:07  SCV  
  14  7:55  Marine x2  
  16  8:10  Orbital Command  
Tags
 
Add a new tag
Caveats
  • Supply blocks, unpowered buildings, or Contaminate may cause inaccurate times.
  • Supply counts are checked every 10 seconds.